 Dungeon Sprint DCSS version 0.23-a0-290-g290e36d (webtiles) character file.

4189 emperorscorpion the Spear-Bearer (level 10, -1/99 HPs)
             Began as a Naga Skald on Oct 3, 2018.
             Was the Champion of Cheibriados.
             Slain by a fire crab (5 damage)
             ... in the Dungeon (Sprint IX: "|||||||||||||||||||||||||||||").
             The game lasted 00:04:50 (390 turns).

emperorscorpion the Spear-Bearer (Naga Skald)        Turns: 390, Time: 00:04:51

Health: -1/99      AC: 12    Str: 28    XL:     10   Next: 29%
Magic:  7/18       EV: 15    Int: 29    God:    Cheibriados [******]
Gold:   0          SH:  0    Dex: 29    Spells: 11/20 levels left

rFire    . . .     SeeInvis +   a - +2 halberd (venom)
rCold    . . .     Gourm    .   (shield currently unavailable)
rNeg     . . .     Faith    .   u - +2 ring mail
rPois    +         Spirit   .   s - +0 helmet
rElec    .         Reflect  .   (no cloak)
rCorr    .         Harm     .   t - +0 pair of gloves
MR       +....     NoTele   +   (no barding)
Stlth    ++++......             (no amulet)
HPRegen  1.26/turn              (no ring)
MPRegen  0.16/turn              (no ring)

@: regenerating (expiring), very slow
A: large, see invisible, deformed body, poison resistance, slowness 2, slow
metabolism 1, spit poison 1, AC +3
a: Spit Poison, Bend Time, Temporal Distortion, Slouch, Step From Time, Renounce
Religion


You were in the Dungeon.
You worshipped Cheibriados.
Cheibriados was exalted by your worship.
You were not hungry.

You visited 1 branch

Inventory:

Hand Weapons
 a - a +2 halberd of venom (weapon)
 b - a +1 broad axe of flaming
 p - a +0 spear
 r - the +4 quarterstaff of Piowkusev {freeze, rF+ rN+ Str+2}
   (You found it in the Dungeon)

   It has been specially enchanted to freeze those struck by it, causing extra
   injury to most foes and up to half again as much damage against particularly
   susceptible opponents.
   It can also slow down cold-blooded creatures.
   It affects your strength (+2).
   It protects you from fire.
   It protects you from negative energy.
Armour
 q - a +0 leather armour
 s - a +0 helmet (worn)
 t - a +0 pair of gloves (worn)
 u - a +2 ring mail (worn)
Magical Staves
 o - an uncursed staff of energy
 y - an uncursed staff of fire
Jewellery
 v - a +2 ring of evasion
 w - a +3 ring of strength
Scrolls
 j - a scroll of blinking
 l - 4 scrolls of remove curse
 m - 2 scrolls of amnesia
 x - 5 scrolls of identify
 z - 4 scrolls of enchant weapon
Potions
 c - a potion of agility
 e - 6 potions of curing
 f - 4 potions of heal wounds
 g - a potion of haste
 h - 4 potions of magic
 i - a potion of berserk rage
 k - a potion of mutation
Comestibles
 d - a ration


   Skills:
 + Level 9.2 Fighting
 + Level 5.6(9.6) Axes
 + Level 11.8(12.3) Polearms
 + Level 7.2 Armour
 + Level 6.6 Dodging
 + Level 9.2 Stealth
 + Level 5.9 Spellcasting
 + Level 1.9 Hexes
 + Level 9.4 Charms
 + Level 1.5 Necromancy
 + Level 1.2 Translocations
 + Level 5.1 Evocations


You had 11 spell levels left.
You knew the following spells:

 Your Spells              Type           Power        Failure   Level  Hunger
a - Infusion              Chrm           ####         1%          1    None
b - Shroud of Golubria    Chrm/Tloc      #####.....   1%          2    None
r - Regeneration          Chrm/Necr      #####.....   2%          3    None
w - Spectral Weapon       Hex/Chrm       #####...     2%          3    None

Your spell library contained the following spells:

 Spells                   Type           Power        Failure   Level  Hunger
 Song of Slaying          Chrm           ######..     1%          2    None


Dungeon Overview and Level Annotations

Branches:
Dungeon (1/1)

Altars:
Cheibriados
Dithmenos
Elyvilon
Fedhas
Gozag
Hepliaklqana
Kikubaaqudgha
Makhleb
Nemelex Xobeh
Okawaru
Qazlal
Ru
Sif Muna
Trog
Uskayaw
Vehumet
Wu Jian
Xom
Yredelemnul
Zin
The Shining One
Beogh
Jiyva
Lugonu


Innate Abilities, Weirdness & Mutations

You cannot wear boots.
Your serpentine skin is tough. (AC +3)
You have supernaturally acute eyesight. (SInv)
Armour fits poorly on your strangely shaped body.
Your system is resistant to poisons. (rPois)
You cover ground very slowly.
You have a slow metabolism.
You can spit poison.


Message History

You reach to attack!
You puncture the fire crab!
The fire crab is poisoned.
The fire crab is lightly wounded.
You slice the fire crab!!
The fire crab looks as sick as possible!
The fire crab is severely wounded.
Your spectral weapon barely misses the fire crab.
The fire crab completely misses you. The fire crab claws you!
You are engulfed in flames!
* * * LOW HITPOINT WARNING * * *
You hit the fire crab but do no damage.
The fire crab looks as sick as possible!
The fire crab is severely wounded.
Your spectral weapon hits the fire crab but does no damage.
The fire crab looks as sick as possible!
The fire crab bites you.
* * * LOW HITPOINT WARNING * * *
You are engulfed in flames!
* * * LOW HITPOINT WARNING * * *
The fire crab claws you.
You die...

▓▓▓▓▓▓▓▓▓▓▓▓▓▓▓▓▓▓▓▓▓▓▓▓▓▓▓▓▓▓▓▓▓
).)...'________________________'.
▓▓▓▓▓▓▓▓▓▓▓▓▓▓▓▓▓▓▓▓▓▓▓▓▓▓▓▓▓▓▓▓▓
.................................
▓▓▓▓▓▓▓▓▓▓▓▓▓▓▓▓▓▓▓▓▓▓▓▓▓▓▓▓▓▓▓▓▓
.....lt@(........†.....(
▓▓▓▓▓▓▓▓▓▓▓▓▓▓▓▓▓▓▓▓▓▓▓▓


You could see a fire crab, a wyvern and a friendly spectral halberd of venom.

Vanquished Creatures
  A hydra (D)
  A two-headed ogre (D)
  A manticore (D)
  A spiny frog (D)
  A blink frog (D)
  A yak (D)
  2 basilisks (D)
  2 water moccasins (D)
  An orc warrior (D)
  A black bear (D)
  An ice beast (D)
  A sky beast (D)
  A centaur (D)
  4 crocodiles (D)
  3 bullfrogs (D)
  A jelly (D)
  An adder (D)
  A shadow imp (D)
  A bat skeleton (D)
  2 giant cockroaches (D)
  A jackal (D)
  A ball python (D)
  2 bats (D)
  2 frilled lizards (D)
  2 jackal skeletons (D)
36 creatures vanquished.

Vanquished Creatures (others)
  A hydra (D)
  An eye of draining (D)
2 creatures vanquished.

Grand Total: 38 creatures vanquished

Notes
Turn   | Place    | Note
-------+----------+-------------------------------------------
     0 | D        | emperorscorpion the Naga Skald began the quest for the Orb.
     0 | D        | Reached XP level 1. HP: 19/19 MP: 3/3
    28 | D        | Reached skill level 1 in Armour
    28 | D        | Reached XP level 2. HP: 18/27 MP: 5/5
    30 | D        | Reached skill level 1 in Stealth
    54 | D        | Found a roughly hewn altar of Beogh.
    54 | D        | Found a snail-covered altar of Cheibriados.
    54 | D        | Found a shadowy altar of Dithmenos.
    54 | D        | Found a white marble altar of Elyvilon.
    54 | D        | Found a blossoming altar of Fedhas.
    54 | D        | Found an opulent altar of Gozag.
    55 | D        | Found a hazy altar of Hepliaklqana.
    56 | D        | Found a viscous altar of Jiyva.
    57 | D        | Found an ancient bone altar of Kikubaaqudgha.
    58 | D        | Became a worshipper of Cheibriados the Contemplative
    59 | D        | Found a corrupted altar of Lugonu.
    60 | D        | Found a burning altar of Makhleb.
    61 | D        | Found a sparkling altar of Nemelex Xobeh.
    62 | D        | Found an iron altar of Okawaru.
    63 | D        | Found a stormy altar of Qazlal.
    64 | D        | Found a sacrificial altar of Ru.
    65 | D        | Found a deep blue altar of Sif Muna.
    66 | D        | Found a bloodstained altar of Trog.
    67 | D        | Found a hide-covered altar of Uskayaw.
    68 | D        | Found a radiant altar of Vehumet.
    69 | D        | Found an ornate altar of the Wu Jian Council.
    70 | D        | Found a shimmering altar of Xom.
    71 | D        | Found a basalt altar of Yredelemnul.
    72 | D        | Found a glowing silver altar of Zin.
    73 | D        | Found a glowing golden altar of the Shining One.
    92 | D        | Got the +4 quarterstaff of Piowkusev {freeze, rF+ rN+
                  | Str+2}
   127 | D        | Learned a level 2 spell: Shroud of Golubria
   128 | D        | Noticed an orc warrior
   128 | D        | Noticed an ice beast
   128 | D        | Noticed a sky beast
   142 | D        | Killed a sky beast
   142 | D        | Reached skill level 4 in Polearms
   142 | D        | Reached skill level 5 in Charms
   142 | D        | Reached XP level 3. HP: 27/36 MP: 4/7
   142 | D        | Reached XP level 4. HP: 33/44 MP: 4/8
   150 | D        | Reached * piety under Cheibriados
   151 | D        | Reached XP level 5. HP: 35/50 MP: 5/9
   155 | D        | Reached ** piety under Cheibriados
   155 | D        | Reached skill level 5 in Polearms
   160 | D        | Killed an ice beast
   160 | D        | Reached skill level 6 in Polearms
   160 | D        | Reached XP level 6. HP: 12/58 MP: 7/11
   162 | D        | Killed an orc warrior
   162 | D        | Reached *** piety under Cheibriados
   162 | D        | Reached skill level 5 in Fighting
   162 | D        | Reached skill level 1 in Evocations
   171 | D        | Learned a level 3 spell: Regeneration
   175 | D        | Learned a level 3 spell: Spectral Weapon
   185 | D        | Noticed an eye of draining
   185 | D        | Noticed a manticore
   185 | D        | Noticed a four-headed hydra
   185 | D        | Noticed a two-headed ogre
   190 | D        | Killed a two-headed ogre
   190 | D        | Reached skill level 8 in Polearms
   190 | D        | Reached skill level 5 in Armour
   190 | D        | Reached skill level 5 in Dodging
   190 | D        | Reached skill level 5 in Stealth
   190 | D        | Reached XP level 7. HP: 29/70 MP: 1/13
   190 | D        | Reached XP level 8. HP: 33/78 MP: 1/14
   192 | D        | Killed a two-headed hydra
   192 | D        | Reached skill level 9 in Polearms
   199 | D        | Killed a manticore
   199 | D        | Reached skill level 10 in Polearms
   199 | D        | Reached XP level 9. HP: 31/86 MP: 0/16
   203 | D        | Reached **** piety under Cheibriados
   325 | D        | Reached skill level 5 in Spellcasting
   325 | D        | Noticed a spiny frog
   326 | D        | Reached ***** piety under Cheibriados
   339 | D        | Killed a spiny frog
   339 | D        | Reached ****** piety under Cheibriados
   339 | D        | Reached skill level 11 in Polearms
   342 | D        | Reached skill level 1 in Hexes
   344 | D        | Reached skill level 5 in Axes
   344 | D        | Reached skill level 1 in Translocations
   358 | D        | Noticed an eight-headed hydra
   362 | D        | Reached skill level 5 in Evocations
   369 | D        | Noticed a fire crab
   375 | D        | Killed a two-headed hydra
   375 | D        | Reached skill level 1 in Necromancy
   375 | D        | Reached XP level 10. HP: 22/99 MP: 11/18
   390 | D        | HP: 4/99 [fire crab (9)]
   390 | D        | Slain by a fire crab

Vault maps used:
D:        linesprint

Skill      XL: |  1  2  3  4  5  6  7  8  9 |
---------------+----------------------------+-----
Armour         | 1 2 3 5 6 7 |  7.2
Dodging        | 2 3 5 6 |  6.6
Charms         | 4 5 6 8 9 |  9.4
Stealth        | 2 3 5 7 9 |  9.2
Fighting       | 3 4 6 7 9 |  9.2
Polearms       | 4 6 8 10 11 | 11.8
Spellcasting   | 3 4 5 |  5.9
Evocations     | 2 3 5 |  5.1
Axes           | 2 3 5 |  5.6
Hexes          | 1 |  1.9
Translocations | 1 |  1.2
Necromancy     | 1 |  1.5

Action                   |  1- 3 |  4- 6 |  7- 9 | 10-12 || total
-------------------------+-------+-------+-------+-------++-------
Melee: Spear             |    31 |       |       |       ||    31
       Halberd           |    11 |    12 |    32 |    11 ||    66
       Broad axe         |       |     3 |    11 |     1 ||    15
 Cast: Shroud of Golubri |     1 |       |     2 |       ||     3
       Regeneration      |       |     1 |     2 |     1 ||     4
       Spectral Weapon   |       |       |     2 |     1 ||     3
 Abil: Spit Poison       |     4 |     2 |       |       ||     6
Evoke: Wand              |       |     6 |     4 |       ||    10
  Use: Potion            |     1 |     1 |     2 |       ||     4
       Scroll            |       |     1 |       |       ||     1
 Stab: Sleeping          |     1 |       |     2 |       ||     3
       Invisible         |       |     1 |     2 |       ||     3
Armor: Leather armour    |     9 |       |       |       ||     9
       Ring mail         |    11 |     6 |    18 |     2 ||    37
Dodge: Dodged            |    17 |    11 |    43 |     8 ||    79

Table legend:
 A = Non-vault XP
 B = Vault XP
 C = Vault XP percentage of total XP
 D = Non-vault monster count
 E = Vault monster count
 F = Vault count percentage of total count
                 A         B        C        D         E       F
            +---------+---------+-------+---------+---------+-------
      Total |       0 |    5985 | 100.0 |       0 |      38 | 100.0
            +---------+---------+-------+---------+---------+-------
          D |       0 |    5985 | 100.0 |       0 |      38 | 100.0
            +---------+---------+-------+---------+---------+-------
